 Dungeon Crawl Stone Soup version 0.28-a0-723-g095bd1b44f (webtiles) character file.

Game seed: 13247167219112635867

26 flotson the Sneak (level 2, 0/24 HPs)
             Began as a Demonspawn Delver on Oct 25, 2021.
             Succumbed to an adder's poison
             ... on level 2 of the Dungeon.
             The game lasted 00:01:07 (707 turns).

flotson the Sneak (Demonspawn Delver)                Turns: 707, Time: 00:01:07

Health: 0/24       AC:  3    Str: 12    XL:     2   Next: 89%
Magic:  2/2        EV: 12    Int: 11    God:
Gold:   41         SH:  0    Dex: 14    Spells: 1/1 levels left

rFire   . . .      SeeInvis .   o - +2 hand axe (elec)
rCold   . . .      Faith    .   (no shield)
rNeg    . . .      Spirit   .   b - +0 leather armour
rPois   .          Reflect  .   (no helmet)
rElec   .          Harm     .   (no cloak)
rCorr   .          Rampage  .   (no gloves)
Will    .....                   (no boots)
Stlth   ++........              (no amulet)
HPRegen 0.08/turn               (no ring)
MPRegen 0.08/turn               (no ring)

@: lethally poisoned (0 -> -4), attractive
A: powered by death 1
a: no special abilities


You were on level 2 of the Dungeon.
You visited 1 branch of the dungeon, and saw 4 of its levels.

You collected 41 gold pieces.

Inventory:

Hand Weapons
 a - a +0 hand axe
 h - a +0 war axe
 o - a +2 hand axe of electrocution (weapon)
Armour
 b - a +0 leather armour (worn)
Wands
 g - a wand of digging (3)
Scrolls
 c - a scroll of fog
 d - 2 scrolls of magic mapping
 e - a scroll of fear
 i - a scroll of vulnerability {unknown}
 j - a scroll of identify {unknown}
Potions
 f - a potion of haste
 k - a potion of might {unknown}
 l - 2 potions of attraction
 m - a potion of lignification {unknown}
 n - a potion of heal wounds {unknown}


   Skills:
 + Level 3.3 Fighting
 + Level 2.1 Axes
 + Level 1.0 Armour
 + Level 2.2 Dodging
 - Level 4.5 Stealth


You had one spell level left.
You didn't know any spells.
Your spell library was empty.

Dungeon Overview and Level Annotations

Branches:
Dungeon (5/15)
 Temple: D:4-7

Altars:
Elyvilon
Yredelemnul


Innate Abilities, Weirdness & Mutations

You regenerate a little health from kills.


Message History

The jackal bites you but does no damage.
The adder bites you.
You are more poisoned.
The adder poisons you! The jackal barely misses you. The adder bites you.
You are too injured to fight recklessly!
Unknown command.
You are too injured to fight recklessly!
Unknown command.
You are too injured to fight recklessly!
Unknown command.
You closely miss the adder.
The adder is severely wounded.
You hit the jackal.
You kill the jackal!
You feel sick. The adder completely misses you.
Your Armour skill increases to level 1!
Unknown command.
You miss the adder.
The adder is severely wounded.
You hit the jackal.
You kill the jackal!
You feel sick. The adder barely misses you. x2
You miss the adder.
The adder is heavily wounded.
You feel sick. The adder completely misses you.
You completely miss the adder.
The adder is heavily wounded.
You feel sick. The adder barely misses you. The adder bites you.
* * * LOW HITPOINT WARNING * * *
You are lethally poisoned!
The adder poisons you!
You barely miss the adder.
The adder is heavily wounded.
* * * LOW HITPOINT WARNING * * *
You feel sick. The adder bites you.
* * * LOW HITPOINT WARNING * * *
Unknown command.
It was a potion of attraction.
You feel attractive to monsters.
You die...

..# ..# . .?# .. ..##.##
.#.....#.# .......
.#.#...#.# ####......#
.........#####...).....#
.........#......@S.....#
.........#.........###.#
......)..+............
....#....#..............
.>......................
....###....########.####
.##.# #....# ... .####
#....# ### .# #....#


You could see an adder.

Vanquished Creatures
  2 adders (D:3)
  A goblin (D:2)
  3 jackals (D:2)
  A ball python (D:3)
  3 rats (D:3)
10 creatures vanquished.

Notes
Turn   | Place    | Note
-------+----------+-------------------------------------------
     0 | D:5      | flotson the Demonspawn Delver began the quest for the Orb.
     0 | D:5      | Reached XP level 1. HP: 18/18 MP: 1/1
   174 | D:5      | Noticed an orc priest
   176 | D:5      | Noticed an orc wizard
   177 | D:5      | Noticed an orc warrior
   213 | D:4      | Found a basalt altar of Yredelemnul.
   371 | D:3      | Gained mutation: You regenerate a little health from kills.
                  | [demonic ancestry]
   371 | D:3      | Reached XP level 2. HP: 15/24 MP: 2/2
   703 | D:2      | Reached skill level 1 in Armour
   706 | D:2      | HP: 1/24 [adder (3)]
   707 | D:2      | Succumbed to an adder's poison

Illustrated notes

Levels and vault maps discovered:
D:2:      layout_basic
D:3:      layout_loops_ring, elyvilon_altar_5, mainiacjoe_overflow_catwalk,
          kennysheep_generic_room_16
D:4:      layout_loops_ring, amcnicky_altar_gilded, minmay_bent, uniq_duvessa
D:5:      layout_gridville, minmay_temple_entry_statues, minmay_between

Skill      XL: |  1  2 |
---------------+-------+-----
Axes           | 2 |  2.1
Dodging        | 2 |  2.2
Armour         | 1 |  1.0
Fighting       | |  3.3
Stealth        | |  4.5

Action                   || total
-------------------------++-------
Melee: War axe           ||    24
       Hand axe          ||    11
  Use: Potion            ||     1
 Stab: Sleeping          ||     2
Armor: Leather armour    ||    15
Dodge: Dodged            ||    33

Table legend: (Time is in decaauts)
 A = Elapsed time spent in this place.
 B = Non-inter-level travel time spent in this place.
 C = Inter-level travel time spent in this place.
 D = Time resting spent in this place.
 E = Time spent auto-exploring this place.
 F = Levels seen in this place.
 G = Mean time per level.
                   A        B        C        D        E       F      G
               +--------+--------+--------+--------+--------+-----+--------+
         Total |    717 |    700 |     17 |      0 |    550 |   4 |  179.2 |
       Dungeon |    717 |    700 |     17 |      0 |    550 |   4 |  179.2 |
               +--------+--------+--------+--------+--------+-----+--------+

Top non-repeatable levels by time:
     D:3: 449 daAuts
     D:5: 210 daAuts
     D:2: 31 daAuts
     D:4: 25 daAuts
